AoeStats
← Skaara

Arabia

510056243Analyzed
1v1 RM · 2d ago on Sep 29, 2026· 40m 38s· 2 players
Game mode
Random Map
Map size
Tiny (2 player)
Population
200
Speed
Normal
Resources
Standard
Victory
Conquest
Starting age
Dark Age
Ending age
Imperial Age
RankedLock teamsTeams togetherTeam positionsShared explorationLock speedFull tech treeHidden civsTurbo modeCheats
Victory
Defeat
🇩🇪 Cumans · Germany
938
+16
🇹🇷 Aztecs · Türkiye
941
-16
Skaara
10:43 Feudal Age
9:00 Loom
12:15 Horse Collar
12:24 Double-Bit Axe
15:58 Fletching
22:11 Castle Age
20:04 Town Watch
20:55 Wheelbarrow
21:20 Gold Mining
22:00 Bloodlines
22:01 Scale Barding Armor
22:08 Forging
23:17 Chain Barding Armor
22:22 Light Cavalry
26:43 Iron Casting
26:28 Stone Mining
34:56 Imperial Age
34:01 Bow Saw
35:13 Hussar
35:20 Cavalier
36:42 Plate Barding Armor
37:20 Blast Furnace
40:27 Bodkin Arrow
monsterr1453
10:18 Feudal Age
8:34 Loom
10:49 Double-Bit Axe
17:50 Castle Age
16:47 Gold Mining
16:53 Stone Mining
16:54 Horse Collar
18:34 Heavy Plow
18:46 Bow Saw
20:26 Fervor
22:32 Gold Shaft Mining
22:04 Town Watch
22:55 Wheelbarrow
23:57 Sanctity
27:13 Wheelbarrow
27:44 Padded Archer Armor
27:35 Fletching
28:00 Arson
28:15 Squires
28:01 Gambesons
30:57 Leather Archer Armor
30:37 Bodkin Arrow
31:56 Bodkin Arrow
35:00 Imperial Age
32:56 Atlatl
33:04 Crossbowman
34:19 Scale Mail Armor
34:30 Forging
36:18 Hand Cart
36:49 Ballistics
37:42 Murder Holes
38:48 Chemistry
38:20 Arbalester
Connection lost

Rejoining the realm…

Still unreachable

The connection could not be restored.

Session expired

The server has moved on; the page needs a fresh start.